Map: Monte Asper

Players

illusio - Winner!

  • Race: Zerg Zerg
  • League: Diamond

Jhyrachy - Winner!

  • Race: Zerg Zerg
  • League: Gold

MugeN - Winner!

  • Race: Zerg Zerg
  • League: Master

LaWeedaLoca - Winner!

  • Race: Terran Terran
  • League: Master

KeyJack

  • Race: Zerg Zerg
  • League: Platinum

LastOttoman

  • Race: Terran Terran
  • League: Platinum

GodGave

  • Race: Protoss Protoss
  • League: Silver

Briareos

  • Race: Protoss Protoss

VOD

Have the link to the VOD?

Description

Time

  • Played on: April 24, 2016, 6:08 p.m.
  • Length: 5:24
Show
View Real Time Build Order
Export as new Build Order

illusio Zerg - Winner!

Build Orders: Hatch First, Zergling Baneling 

Get SALT Encoding   

  12  0:01  Drone  
  13  0:12  Overlord  
  13  0:18  Drone  
  14  0:31  Drone  
  14  0:32  Drone  
  16  0:38  Drone  
  17  0:54  Hatchery  
  17  0:55  Drone  
  17  0:59  Drone  
  18  1:09  Extractor  
  17  1:16  Spawning Pool  
  17  1:17  Drone  
  17  1:20  Drone  
  18  1:31  Drone  
  19  1:38  Overlord  
  19  2:02  Queen  
  19  2:03  Zergling x2  
  19  2:04  Zergling x2  
  19  2:08  Queen  
  25  2:13  Metabolic Boost  
  25  2:22  Overlord  
  25  2:32  Baneling Nest  
  24  2:37  Zergling x6  
  27  2:50  Zergling x6  
  27  2:51  Zergling x4  
  32  2:59  Overlord  
  32  3:18  Zergling x2  
  32  3:19  Zergling x16  
  41  3:28  Zergling x2  
  41  3:44  Zergling x4  
  41  3:45  Zergling x2  
  43  3:50  Zergling x6  
  43  3:51  Zergling x6  
  49  3:58  Zergling x4  
  49  4:04  Baneling  
  49  4:05  Baneling x8  
  49  4:06  Zergling x2  
  50  4:14  Zergling x2  
  42  4:44  Baneling  
  42  4:45  Baneling x3  
  35  4:49  Zergling x20  
Show
View Real Time Build Order
Export as new Build Order

Jhyrachy Zerg - Winner!

Build Orders: Hatch First, Ravager All-In 

Get SALT Encoding   

  12  0:02  Drone  
  13  0:09  Drone  
  14  0:17  Overlord  
  14  0:36  Drone x2  
  14  0:37  Drone  
  17  0:58  Drone  
  17  0:59  Extractor  
  17  1:06  Hatchery, Overlord  
  16  1:13  Drone  
  17  1:26  Spawning Pool  
  17  1:28  Drone  
  17  1:44  Drone x2  
  19  2:07  Drone  
  19  2:08  Drone, Extractor  
  20  2:14  Overlord  
  20  2:29  Queen  
  22  2:35  Drone x2  
  24  2:41  Drone  
  24  2:42  Drone x2, Queen  
  29  2:55  Drone, Roach Warren  
  29  2:59  Drone x2  
  29  3:02  Drone  
  32  3:28  Drone x2  
  32  3:29  Drone x2  
  32  3:30  Overlord  
  36  3:52  Roach x5  
  46  3:59  Drone x5  
  51  4:06  Drone  
  51  4:09  Overlord  
  52  4:23  Overlord x2  
  52  4:35  Roach  
  52  4:36  Roach x3  
  52  4:38  Overlord x2  
  60  4:48  Zergling x4  
  60  4:49  Ravager x3  
  60  4:50  Ravager x2  
  67  4:56  Roach x3  
Show
View Real Time Build Order
Export as new Build Order

MugeN Zerg - Winner!

Build Orders: Pool First 

Get SALT Encoding   

  12  0:10  Drone  
  13  0:22  Spawning Pool  
  13  0:26  Extractor  
  11  0:29  Drone  
  12  1:04  Overlord  
  12  1:10  Zergling x4  
  14  1:24  Queen  
  16  1:27  Zergling x4  
  18  1:33  Metabolic Boost  
  18  1:43  Zergling x2  
  19  1:49  Baneling Nest  
  18  1:54  Zergling x2  
  19  2:02  Zergling x2  
  20  2:10  Drone  
  21  2:25  Zergling x2  
  22  2:31  Overlord  
  22  2:38  Overlord  
  23  2:51  Zergling x4  
  24  2:59  Baneling x3  
  24  3:04  Zergling x2  
  25  3:10  Zergling x2  
  26  3:20  Zergling x2  
  27  3:30  Zergling x4  
  27  3:45  Zergling x2  
  25  3:53  Zergling x4  
  26  4:07  Zergling x2  
  25  4:14  Zergling x2  
  21  4:28  Zergling x2  
  22  4:39  Hatchery, Zergling x2  
  22  4:47  Drone  
  23  4:54  Baneling x2  
Show
View Real Time Build Order
Export as new Build Order

LaWeedaLoca Terran - Winner!

Build Orders:  

Get SALT Encoding   

  12  0:01  SCV  
  13  0:13  SCV  
  14  0:20  Supply Depot  
  14  0:26  SCV  
  15  0:41  SCV  
  16  0:46  Barracks  
  16  0:48  Refinery  
  16  0:54  SCV  
  17  1:07  Barracks  
  17  1:16  Barracks  
  17  1:23  Refinery  
  17  1:28  SCV  
  18  1:35  Reaper  
  19  1:50  Supply Depot  
  19  1:55  Reaper  
  20  2:03  Reaper  
  20  2:07  Reaper  
  22  2:19  Orbital Command  
  22  2:29  Reaper  
  23  2:35  Reaper  
  24  2:39  Reaper  
  24  2:45  SCV  
  24  2:49  Supply Depot  
  25  3:06  Reaper  
  25  3:07  Reaper  
  25  3:11  Reaper  
  28  3:38  Reaper  
  28  3:39  Reaper  
  30  3:43  Reaper  
  30  4:10  Reaper  
  30  4:11  Reaper  
  30  4:15  Reaper  
  30  4:16  SCV  
  32  4:42  Reaper  
  32  4:43  Reaper  
  33  4:47  Reaper  
Show
View Real Time Build Order
Export as new Build Order

KeyJack Zerg 

Build Orders: Hatch First 

Get SALT Encoding   

  12  0:01  Drone  
  13  0:12  Overlord  
  13  0:20  Drone  
  14  0:31  Drone x2  
  16  0:38  Drone  
  17  0:53  Drone  
  18  1:01  Hatchery  
  17  1:09  Drone x2  
  19  1:13  Extractor  
  19  1:16  Spawning Pool  
  17  1:23  Drone  
  18  1:46  Overlord  
  18  1:47  Overlord  
  18  1:52  Drone  
  19  2:07  Hatchery  
  18  2:09  Queen  
  18  2:11  Extractor  
  19  2:20  Hatchery  
  18  2:23  Drone x3  
  21  2:34  Zergling x6  
  24  2:42  Zergling x2  
  25  2:45  Queen  
  25  2:50  Roach Warren  
  26  2:53  Zergling x4, Metabolic Boost  
  27  3:15  Zergling x8  
  29  3:22  Drone x3  
  29  3:24  Zergling x2  
  29  3:25  Zergling x2  
  29  3:26  Queen  
  30  3:49  Roach  
  30  3:50  Roach x5  
  39  4:06  Roach  
  39  4:07  Roach x4  
  47  4:13  Queen  
  47  4:19  Roach x2  
  49  4:34  Roach  
  49  4:36  Overlord x3  
  47  4:41  Queen  
Show
View Real Time Build Order
Export as new Build Order

LastOttoman Terran 

Build Orders:  

Get SALT Encoding   

  12  0:01  SCV  
  13  0:19  Supply Depot  
  14  0:21  SCV  
  14  0:46  Barracks  
  14  0:49  SCV  
  15  0:51  Barracks  
  15  1:57  SCV  
  16  2:09  SCV  
  17  2:21  SCV  
  18  2:52  Refinery  
  18  2:54  SCV  
  18  2:56  Refinery  
  19  3:06  SCV  
Show
View Real Time Build Order
Export as new Build Order

GodGave Protoss 

Build Orders:  

Get SALT Encoding   

  12  0:01  Probe (Chrono Boost)  
  13  0:12  Probe (Chrono Boost)  
  14  0:22  Probe (Chrono Boost)  
  14  0:24  Pylon  
  16  0:43  Probe (Chrono Boost)  
  16  0:52  Gateway  
  16  0:55  Assimilator, Probe (Chrono Boost)  
  17  0:59  Assimilator  
  17  1:07  Probe (Chrono Boost)  
  18  1:35  Pylon  
  18  1:39  Pylon  
  18  1:42  Probe (Chrono Boost)  
  18  1:44  Cybernetics Core  
  19  1:51  Pylon  
  19  1:52  Probe (Chrono Boost)  
  20  2:03  Probe (Chrono Boost)  
  21  2:13  Probe (Chrono Boost)  
  21  2:14  Gateway x2  
  22  2:17  Gateway  
  22  2:21  Gateway  
  22  2:24  Probe (Chrono Boost)  
  23  3:03  Adept x2  
  23  3:04  Adept x2  
  31  3:08  Adept  
  33  3:23  Nexus  
  33  4:01  Adept x3  
  33  4:06  Mothership Core  
Show
View Real Time Build Order
Export as new Build Order

Briareos Protoss 

Build Orders:  

Get SALT Encoding   

  12  0:01  Probe (Chrono Boost)  
  13  0:14  Pylon  
  13  0:18  Probe (Chrono Boost)  
  14  0:46  Probe (Chrono Boost)  
  14  0:48  Gateway  
  14  0:49  Assimilator  
  15  0:58  Probe (Chrono Boost)  
  16  1:10  Pylon  
  16  1:15  Probe (Chrono Boost)  
  17  1:20  Forge  
  17  1:29  Pylon  
  17  1:33  Probe (Chrono Boost)  
  17  1:38  Cybernetics Core  
  17  1:43  Probe (Chrono Boost)  
  18  1:48  Zealot  
  18  1:50  Pylon  
  20  1:56  Photon Cannon  
  20  1:58  Probe (Chrono Boost)  
  21  2:14  Mothership Core (Chrono Boost)  
  23  2:15  Nexus  
  23  2:37  Pylon  
  23  2:40  Assimilator  
  23  2:55  Probe (Chrono Boost), Adept  
  26  2:59  Photon Cannon  
  26  3:00  Pylon  
  26  3:06  Probe (Chrono Boost)  
  27  3:16  Probe (Chrono Boost)  
  28  3:30  Twilight Council  
  28  3:34  Gateway x2  
  28  3:44  Probe (Chrono Boost)  
  29  3:57  Nexus  
  29  4:01  Pylon  
  29  4:04  Probe (Chrono Boost)  
  30  4:12  Dark Shrine  
  30  4:23  Probe  
Tags
 
Add a new tag
Caveats
  • Supply blocks, unpowered buildings, or Contaminate may cause inaccurate times.
  • Supply counts are checked every 10 seconds.